TOP OF THE 1ST |
Colorado (EL) Rockies batting - Pitching for San Jose Giants : RHP Yugo Kobayashi
|
Pitching: RHP Yugo Kobayashi
|
|
Batting: RHB John Michener
|
0-0: Ball 1-0: Ground out 5-3 (Groundball, 5, EV 83.1 MPH)
|
Batting: RHB Guillermo Veronese
|
0-0: Ball 1-0: Called Strike 1-1: Foul Ball, location: 2F 1-2: Strikes out swinging
|
Batting: SHB Jon Munoz
|
0-0: Ball 1-0: Ball 2-0: Foul Ball, location: 2F 2-1: Swinging Strike 2-2: Ground out 1-3 (Groundball, 13S, EV 68.1 MPH)
|
Top of the 1st over - 0 runs, 0 hits, 0 errors, 0 left on base; Colorado (EL) 0 - San Jose 0 |
BOTTOM OF THE 1ST |
San Jose Giants batting - Pitching for Colorado (EL) Rockies : LHP Steve Ransom
|
Pitching: LHP Steve Ransom
|
|
Batting: RHB Tyler Mapes
|
0-0: Called Strike 0-1: Swinging Strike 0-2: Ball 1-2: Foul Ball, location: 2F 1-2: Strikes out swinging
|
Batting: RHB Jack Toole
|
0-0: Foul Ball, location: 2F 0-1: Foul Ball, location: 2F 0-2: Fly out, F4 (Flyball, 4MD, EV 95.0 MPH)
|
Batting: LHB Carey Horncole
|
0-0: Foul Ball, location: 2F 0-1: Called Strike 0-2: Foul Ball, location: 2F 0-2: Ball 1-2: Ball 2-2: Ball 3-2: Ground out 4-3 (Groundball, 34D, EV 106.2 MPH)
|
Bottom of the 1st over - 0 runs, 0 hits, 0 errors, 0 left on base; Colorado (EL) 0 - San Jose 0 |
TOP OF THE 2ND |
Colorado (EL) Rockies batting - Pitching for San Jose Giants : RHP Yugo Kobayashi
|
Batting: RHB Jayden Patterson
|
0-0: Called Strike 0-1: Ball 1-1: Swinging Strike 1-2: Ball 2-2: Foul Ball, location: 2F 2-2: Strikes out swinging
|
Batting: LHB Eric Ludwig
|
0-0: Ball 1-0: Ball 2-0: Fly out, F5 (Line Drive, 5, EV 68.8 MPH)
|
Batting: RHB Max Schellekens
|
0-0: Ball 1-0: Called Strike 1-1: Called Strike 1-2: Strikes out swinging
|
Top of the 2nd over - 0 runs, 0 hits, 0 errors, 0 left on base; Colorado (EL) 0 - San Jose 0 |
BOTTOM OF THE 2ND |
San Jose Giants batting - Pitching for Colorado (EL) Rockies : LHP Steve Ransom
|
Batting: RHB John Shaffer
|
0-0: Called Strike 0-1: DOUBLE (Line Drive, 78M, EV 95.0 MPH)
|
Batting: RHB Adam Solesbee
|
0-0: Ball 1-0: Called Strike 1-1: Called Strike 1-2: Ball 2-2: Strikes out swinging
|
Batting: LHB Fred Arends
|
0-0: Fly out, F8 (Flyball, 8LD, EV 93.1 MPH) Runner from 2nd tags up, OUT at 3rd! 8-5
|
Bottom of the 2nd over - 0 runs, 1 hit, 0 errors, 0 left on base; Colorado (EL) 0 - San Jose 0 |
TOP OF THE 3RD |
Colorado (EL) Rockies batting - Pitching for San Jose Giants : RHP Yugo Kobayashi
|
Batting: LHB Dave Doughty
|
0-0: Called Strike 0-1: Ball 1-1: Swinging Strike 1-2: Ball 2-2: Ball 3-2: Ground out 4-3 (Groundball, 34, EV 82.5 MPH)
|
Batting: SHB Chris Besselman
|
0-0: Called Strike 0-1: Swinging Strike 0-2: Ball 1-2: Ball 2-2: Strikes out swinging
|
Batting: RHB Justin Pellman
|
0-0: Ball 1-0: Ball 2-0: SINGLE (Groundball, 4MD, EV 99.4 MPH)
|
Batting: RHB John Michener
|
0-0: Ball Justin Pellman steals 2nd base 1-0: Ball 2-0: 2-RUN HOME RUN (Flyball, 7D, EV 102.5 MPH), Distance : 387 ft
|
Batting: RHB Guillermo Veronese
|
0-0: Called Strike 0-1: Fly out, F3 (Line Drive, 3, EV 71.9 MPH)
|
Top of the 3rd over - 2 runs, 2 hits, 0 errors, 0 left on base; Colorado (EL) 2 - San Jose 0 |
BOTTOM OF THE 3RD |
San Jose Giants batting - Pitching for Colorado (EL) Rockies : LHP Steve Ransom
|
Batting: RHB Josh Lippens
|
0-0: Ground out 6-3 (Groundball, 6M, EV 98.8 MPH)
|
Batting: LHB Terry Ebersole
|
0-0: Ball 1-0: DOUBLE (Line Drive, 78XD, EV 101.9 MPH)
|
Batting: LHB James Wheaton
|
0-0: Fly out, F6 (Line Drive, 6, EV 76.9 MPH)
|
Batting: RHB Tyler Mapes
|
0-0: Ball Wild Pitch! Terry Ebersole to third 1-0: Ball 2-0: Ground out 6-3 (Groundball, 6, EV 86.9 MPH)
|
Bottom of the 3rd over - 0 runs, 1 hit, 0 errors, 1 left on base; Colorado (EL) 2 - San Jose 0 |
TOP OF THE 4TH |
Colorado (EL) Rockies batting - Pitching for San Jose Giants : RHP Yugo Kobayashi
|
Batting: SHB Jon Munoz
|
0-0: Ball 1-0: DOUBLE (Line Drive, 9LS, EV 91.2 MPH)
|
Batting: RHB Jayden Patterson
|
0-0: Ball 1-0: Swinging Strike 1-1: Ground out 6-3 (Groundball, 56, EV 103.1 MPH)
|
Batting: LHB Eric Ludwig
|
0-0: Ball 1-0: Ball 2-0: Ball 3-0: Called Strike 3-1: Called Strike 3-2: Base on Balls
|
Batting: RHB Max Schellekens
|
0-0: Called Strike Jon Munoz steals 3rd base (no throw) 0-1: Foul Ball, location: 2F 0-2: Ball 1-2: Ball 2-2: Foul Ball, location: 2F 2-2: Fly out, F8 (Flyball, 89D, EV 88.1 MPH) Runner from 3rd tags up, SCORES, no throw by CF
|
Batting: LHB Dave Doughty
|
0-0: Ball 1-0: Foul Ball, location: 2F 1-1: Swinging Strike 1-2: Strikes out swinging
|
Top of the 4th over - 1 run, 1 hit, 0 errors, 1 left on base; Colorado (EL) 3 - San Jose 0 |
BOTTOM OF THE 4TH |
San Jose Giants batting - Pitching for Colorado (EL) Rockies : LHP Steve Ransom
|
Batting: RHB Jack Toole
|
0-0: Called Strike 0-1: Foul Ball, location: 2F 0-2: Ball 1-2: Fly out, F8 (Flyball, 8LM, EV 90.0 MPH)
|
Batting: LHB Carey Horncole
|
0-0: Ball 1-0: SINGLE (Groundball, 34D, EV 96.9 MPH)
|
Batting: RHB John Shaffer
|
0-0: Ball 1-0: Ball 2-0: Foul Ball, location: 2F 2-1: SINGLE (Line Drive, 9S, EV 100.0 MPH) Carey Horncole to second Runner from 2nd tries for 3rd, SAFE, throw by RF made to third
|
Batting: RHB Adam Solesbee
|
0-0: Ball 1-0: Ball 2-0: Called Strike 2-1: Swinging Strike 2-2: Foul Ball, location: 2F 2-2: Fly out, F7 (Line Drive, 7, EV 86.9 MPH) Runner from 3rd tags up, SCORES, no throw by LF
|
Batting: LHB Fred Arends
|
0-0: Called Strike 0-1: Ball 1-1: Foul Ball, location: 2F 1-2: Ball 2-2: Fielders Choice at 2nd, 6-4 (Groundball, 6, EV 98.8 MPH)
|
Bottom of the 4th over - 1 run, 2 hits, 0 errors, 1 left on base; Colorado (EL) 3 - San Jose 1 |
TOP OF THE 5TH |
Colorado (EL) Rockies batting - Pitching for San Jose Giants : RHP Yugo Kobayashi
|
Batting: SHB Chris Besselman
|
0-0: Foul Ball, location: 2F 0-1: Ground out 6-3 (Groundball, 4S, EV 79.4 MPH)
|
Batting: RHB Justin Pellman
|
0-0: Fly out, F8 (Flyball, 8RD, EV 106.2 MPH)
|
Batting: RHB John Michener
|
0-0: Ball 1-0: Swinging Strike 1-1: SINGLE (Groundball, 6MD, EV 96.2 MPH)
|
Batting: RHB Guillermo Veronese
|
0-0: Ball John Michener steals 2nd base 1-0: DOUBLE (Flyball, 8LD, EV 100.0 MPH) John Michener scores
|
Batting: SHB Jon Munoz
|
0-0: Ball 1-0: SINGLE (Groundball, 4D, EV 96.9 MPH) Guillermo Veronese to third Runner from 3rd tries for Home, throw by CF and OUT! 8-2
|
Top of the 5th over - 1 run, 3 hits, 0 errors, 1 left on base; Colorado (EL) 4 - San Jose 1 |
BOTTOM OF THE 5TH |
San Jose Giants batting - Pitching for Colorado (EL) Rockies : LHP Steve Ransom
|
Batting: RHB Josh Lippens
|
0-0: Called Strike 0-1: Called Strike 0-2: Ball 1-2: DOUBLE (Line Drive, 9LM, EV 105.6 MPH)
|
Batting: LHB Terry Ebersole
|
0-0: Ground out 6-3 (Groundball, 6, EV 77.5 MPH) Josh Lippens to third
|
Batting: LHB James Wheaton
|
0-0: Ball 1-0: Called Strike 1-1: Ground out 5-3 (Groundball, 5, EV 97.5 MPH)
|
Batting: RHB Tyler Mapes
|
0-0: Called Strike 0-1: Foul Ball, location: 2F 0-2: Ball 1-2: Ground out 6-3 (Groundball, 6, EV 106.2 MPH)
|
Bottom of the 5th over - 0 runs, 1 hit, 0 errors, 1 left on base; Colorado (EL) 4 - San Jose 1 |
TOP OF THE 6TH |
Colorado (EL) Rockies batting - Pitching for San Jose Giants : RHP Yugo Kobayashi
|
Batting: RHB Jayden Patterson
|
0-0: Ball 1-0: Called Strike 1-1: Ball 2-1: Foul Ball, location: 2F 2-2: Fly out, F8 (Flyball, 8RD, EV 98.8 MPH)
|
Batting: LHB Eric Ludwig
|
0-0: Swinging Strike 0-1: Foul Ball, location: 2F 0-2: Strikes out swinging
|
Batting: RHB Max Schellekens
|
0-0: Swinging Strike 0-1: Foul Ball, location: 2F 0-2: Strikes out looking
|
Top of the 6th over - 0 runs, 0 hits, 0 errors, 0 left on base; Colorado (EL) 4 - San Jose 1 |
BOTTOM OF THE 6TH |
San Jose Giants batting - Pitching for Colorado (EL) Rockies : LHP Steve Ransom
|
Batting: RHB Jack Toole
|
0-0: Ground out 6-3 (Groundball, 56, EV 79.4 MPH)
|
Batting: LHB Carey Horncole
|
0-0: Ball 1-0: Called Strike 1-1: Ball 2-1: Ground out 6-3 (Groundball, 6, EV 80.0 MPH)
|
Batting: RHB John Shaffer
|
0-0: Called Strike 0-1: Ground out U3 (Groundball, 3S, EV 83.8 MPH)
|
Bottom of the 6th over - 0 runs, 0 hits, 0 errors, 0 left on base; Colorado (EL) 4 - San Jose 1 |
TOP OF THE 7TH |
Colorado (EL) Rockies batting - Pitching for San Jose Giants : RHP Yugo Kobayashi
|
Batting: LHB Dave Doughty
|
0-0: Ball 1-0: Ball 2-0: Called Strike 2-1: Fly out, F9 (Flyball, 9S, EV 85.0 MPH)
|
Pitching: LHP Kyle Worford
|
|
Batting: SHB Chris Besselman
|
0-0: Called Strike 0-1: Foul Ball, location: 2F 0-2: Strikes out swinging
|
Batting: RHB Justin Pellman
|
0-0: Ball 1-0: Ball 2-0: Ball 3-0: Base on Balls
|
Batting: RHB John Michener
|
0-0: Ball 1-0: Foul Ball, location: 2F 1-1: Called Strike 1-2: Strikes out swinging
|
Top of the 7th over - 0 runs, 0 hits, 0 errors, 1 left on base; Colorado (EL) 4 - San Jose 1 |
BOTTOM OF THE 7TH |
San Jose Giants batting - Pitching for Colorado (EL) Rockies : LHP Steve Ransom
|
Batting: RHB Adam Solesbee
|
0-0: Foul Ball, location: 2F 0-1: Swinging Strike 0-2: Ball 1-2: Foul Ball, location: 2F 1-2: Fly out, F8 (Line Drive, 8RM, EV 88.8 MPH)
|
Batting: LHB Fred Arends
|
0-0: Ball 1-0: Ground out 4-3 (Groundball, 4, EV 87.5 MPH)
|
Batting: RHB Josh Lippens
|
0-0: Ball 1-0: Called Strike 1-1: Ground out 4-3 (Groundball, 4, EV 86.9 MPH)
|
Bottom of the 7th over - 0 runs, 0 hits, 0 errors, 0 left on base; Colorado (EL) 4 - San Jose 1 |
TOP OF THE 8TH |
Colorado (EL) Rockies batting - Pitching for San Jose Giants : LHP Kyle Worford
|
Pitching: RHP Rich Benoit
|
|
Batting: RHB Guillermo Veronese
|
0-0: Swinging Strike 0-1: Ground out 6-3 (Groundball, 6, EV 78.1 MPH)
|
Batting: SHB Jon Munoz
|
0-0: Ball 1-0: Ball 2-0: Fly out, F6 (Popup, 6D, EV 63.1 MPH)
|
Batting: RHB Jayden Patterson
|
0-0: Ball 1-0: Ball 2-0: Foul Ball, location: 2F 2-1: Swinging Strike 2-2: Strikes out swinging
|
Top of the 8th over - 0 runs, 0 hits, 0 errors, 0 left on base; Colorado (EL) 4 - San Jose 1 |
BOTTOM OF THE 8TH |
San Jose Giants batting - Pitching for Colorado (EL) Rockies : LHP Steve Ransom
|
Batting: LHB Terry Ebersole
|
0-0: Called Strike 0-1: Ball 1-1: Ball 2-1: Foul Ball, location: 2F 2-2: Strikes out looking
|
Pinch Hitting: RHB Doug Kennie
|
0-0: Swinging Strike 0-1: Swinging Strike 0-2: Foul Ball, location: 2F 0-2: Foul Ball, location: 2F 0-2: Strikes out swinging
|
Batting: RHB Tyler Mapes
|
0-0: Ball 1-0: Swinging Strike 1-1: Swinging Strike 1-2: Foul Ball, location: 2F 1-2: Foul Ball, location: 2F 1-2: Ball 2-2: Foul Ball, location: 2F 2-2: Foul Ball, location: 2F 2-2: Strikes out swinging
|
Bottom of the 8th over - 0 runs, 0 hits, 0 errors, 0 left on base; Colorado (EL) 4 - San Jose 1 |
TOP OF THE 9TH |
Colorado (EL) Rockies batting - Pitching for San Jose Giants : RHP Rich Benoit
|
Pitching: LHP Matt Wass
|
|
Now at 1B: Nate Conley
|
|
Batting: LHB Eric Ludwig
|
0-0: Called Strike 0-1: Ball 1-1: Foul Ball, location: 2F 1-2: Fly out, F9 (Flyball, 89D, EV 88.8 MPH)
|
Batting: RHB Max Schellekens
|
0-0: Called Strike 0-1: Foul Ball, location: 2F 0-2: Ball 1-2: Foul Ball, location: 2F 1-2: Ball 2-2: Fly out, F8 (Flyball, 78D, EV 79.4 MPH)
|
Batting: LHB Dave Doughty
|
0-0: Ball 1-0: Ground out 5-3 (Groundball, 6, EV 83.1 MPH)
|
Top of the 9th over - 0 runs, 0 hits, 0 errors, 0 left on base; Colorado (EL) 4 - San Jose 1 |
BOTTOM OF THE 9TH |
San Jose Giants batting - Pitching for Colorado (EL) Rockies : LHP Steve Ransom
|
Pitching: LHP Bill Ogren
|
|
Batting: RHB Jack Toole
|
0-0: Called Strike 0-1: Ball 1-1: Foul Ball, location: 2F 1-2: Strikes out swinging
|
Batting: LHB Carey Horncole
|
0-0: Foul Ball, location: 2F 0-1: Swinging Strike 0-2: Ball 1-2: Ground out 4-3 (Groundball, 4D, EV 103.8 MPH)
|
Batting: RHB John Shaffer
|
0-0: Called Strike 0-1: DOUBLE (Line Drive, 78XD, EV 103.1 MPH)
|
Batting: RHB Adam Solesbee
|
0-0: Ball 1-0: Swinging Strike 1-1: Swinging Strike 1-2: Strikes out looking
|
Bottom of the 9th over - 0 runs, 1 hit, 0 errors, 1 left on base; Colorado (EL) 4 - San Jose 1 |
|